Admirals NSH vs Devils

Created - Thursday, October 16, 2014 at 20:50

Goals
1 2 3 T
Admirals NSH 0 1 0 1
Devils 0 1 2 3
Shots
1 2 3 T
Admirals NSH 2 7 13 22
Devils 4 11 8 23

1st period

No Goal

Penalties :
Theo Peckham (LOW) for Fighting (Major) at 8:41, Wade Megan (MIL) for Fighting (Major) at 8:41, Frazer McLaren (MIL) for Roughing (Minor) at 19:03

2nd period

1. Devils , Darren Archibald 2 (Darroll Powe) at 5:41
2. Admirals NSH , Corey Tropp 1 (Adam Cracknell) at 9:00

Penalties :
Jordan Martinook (LOW) for Hooking (Minor) at 9:05

3rd period

3. Devils , Darroll Powe 2 (Gabriel Beaupre, Rod Pelley) at 3:32 (PP)
4. Devils , Darren Archibald 3 (Darroll Powe) at 9:12

Penalties :
Theo Peckham (LOW) for Fighting (Major) at 2:46, Frazer McLaren (MIL) for Fighting (Major) at 2:46, Frazer McLaren (MIL) for instigated a fight (Minor) at 2:46, Frazer McLaren (MIL) for instigated a fight (10 Minutes Misconduct) at 2:46, Darroll Powe (LOW) for Fighting (Major) at 3:39, Pierre-Cedric Labrie (MIL) for Fighting (Major) at 3:39, Pascal Pelletier (LOW) for Hooking (Minor) at 9:39

Goalie Stats

Johan Gustafsson (MIL), 20 saves from 23 shots - (0.870), L, 2-3-1, 60:00 minutes
Robert Mayer (LOW), 21 saves from 22 shots - (0.955), W, 2-0-2, 60:00 minutes

Players Stats for Admirals NSH

Player Name              G  A  P  +/- PIM S  H  SB GA TA FO     MP     PP MP  PK MP  
------------------------------------------------------------------------------------
Adam Cracknell           0  1  1   0  0   3  2  0  5  1  7/14   19:10   1:46   0:00 
Alexey Marchenko         0  0  0  -1  0   1  0  2  0  2  0/0    19:30   1:14   0:28 
Brody Sutter             0  0  0  -1  0   0  1  1  1  0  13/20  20:31   2:12   0:00 
Cameron Schilling        0  0  0   0  0   0  0  0  2  1  0/0    14:27   0:00   0:00 
Corey Tropp              1  0  1   1  0   3  2  0  3  2  0/0    16:13   1:46   0:00 
Frazer McLaren           0  0  0  -1  19  1  0  0  1  0  0/0    15:05   1:09   0:00 
Fredrik Claesson         0  0  0   0  0   0  1  4  0  0  0/0    26:02   2:44   2:17 
Jamie Tardif             0  0  0  -1  0   3  0  1  6  0  0/0    21:30   2:12   0:00 
Jyrki Jokipakka          0  0  0   0  0   1  1  1  0  0  0/0    21:41   2:44   2:17 
Lane MacDermid           0  0  0   0  0   0  0  0  0  0  0/0     0:29   0:00   0:29 
Marcel Noebels           0  0  0   0  0   2  0  0  0  0  2/2    15:16   0:00   0:16 
Matt Halischuk           0  0  0  -1  0   3  3  0  4  1  0/3    23:36   1:46   2:02 
Nikita Nesterov          0  0  0   0  0   1  0  3  0  0  0/0    11:12   0:00   0:00 
Oliver Lauridsen         0  0  0   0  0   0  0  0  0  0  0/0     7:36   0:00   0:00 
Patrick Mullen           0  0  0  -1  0   0  0  0  0  0  0/0    19:30   1:14   0:28 
Pierre-Cedric Labrie     0  0  0   0  5   2  2  1  1  1  0/1    18:27   1:03   2:16 
Wade Megan               0  0  0   0  5   2  1  0  1  0  4/5    16:11   0:00   0:00 
Zach Hamill              0  0  0   0  0   0  1  0  0  2  2/5    10:40   0:00   0:27 

Players Stats for Devils

Player Name              G  A  P  +/- PIM S  H  SB GA TA FO     MP     PP MP  PK MP  
------------------------------------------------------------------------------------
Braden Lamb              0  0  0   0  0   0  0  0  0  0  0/0     0:00   0:00   0:00 
Brendan Shinnimin        0  0  0   0  0   2  2  3  2  0  3/10   19:04   1:03   0:00 
Chris Wideman            0  0  0   0  0   0  1  4  0  2  0/0    18:56   0:00   0:44 
Colin Miller             0  0  0  -1  0   0  0  3  0  3  0/0    26:58   2:45   3:14 
Darren Archibald         2  0  2   1  0   4  2  0  1  2  0/0    12:55   0:20   1:02 
Darroll Powe             1  2  3   1  5   2  3  1  2  2  6/16   21:51   1:22   2:56 
Drew MacKenzie           0  0  0   2  0   2  0  0  0  0  0/0    14:05   0:00   0:00 
Gabriel Beaupre          0  1  1   2  0   0  1  2  0  1  0/0    20:27   0:46   0:00 
Jordan Martinook         0  0  0   0  2   2  0  1  0  0  0/4    20:08   0:00   0:00 
Matthew Ford             0  0  0   0  0   0  0  0  0  0  0/0     2:14   0:20   0:00 
Pascal Pelletier         0  0  0   0  2   3  2  0  3  0  11/15  20:57   1:07   1:02 
Rod Pelley               0  1  1   1  0   2  3  0  0  3  0/0    19:41   1:38   0:00 
Ryan Jones               0  0  0   0  0   4  4  1  5  1  2/4    24:20   1:22   2:56 
Scooter Vaughan          0  0  0   0  0   0  0  0  0  2  0/0    19:18   0:00   0:44 
Sean Collins             0  0  0   0  0   1  0  0  3  1  0/0    15:42   0:00   0:00 
Sergey Andronov          0  0  0   0  0   0  0  0  0  0  0/0     0:00   0:00   0:00 
Theo Peckham             0  0  0  -1  10  0  0  0  0  1  0/0    20:12   1:59   3:14 
Zach O'Brien             0  0  0   0  0   1  0  0  0  1  0/1    19:04   1:03   0:00 

3 Stars

1 - Darren Archibald (LOW)
2 - Darroll Powe (LOW)
3 - Robert Mayer (LOW)

Power Play

Admirals NSH - 0 on 2 Attempt(s) - 0.00%
Devils - 1 on 2 Attempt(s) - 50.00%

Penalty Kill

Admirals NSH - 1 on 2 Attempt(s) - 50.00% - Score 0 goal in Penalty Kill
Devils - 2 on 2 Attempt(s) - 100.00% - Score 0 goal in Penalty Kill

Official

Referees : Unknown
Linesman : Unknown

Game Notes

Theo Peckham and Wade Megan fight to a draw at 8:41 of 1st period
Theo Peckham and Frazer McLaren fight to a draw at 2:46 of 3rd period
Pierre-Cedric Labrie beats up Darroll Powe at 3:39 of 3rd period
Nikita Nesterov is injured at 5:09 of 3rd period (Torn Left Knee Ligaments)

Finance

Level 1 -- Attendance: 1521 (76.05%) -- Ticket Income $53,235
Level 2 -- Attendance: 692 (69.20%) -- Ticket Income $10,380
Total Attendance: 2213 (73.77%)
Total Ticket Income: $63,615
Other Income: $31,171
Total Income: $94,786

Admirals NSH

5 vs 5 Forward 
   Center                   Left Wing                Right Wing               Time % Phy DF OF 
 1 Adam Cracknell           Matt Halischuk           Corey Tropp              28     1   2  2  
 2 Brody Sutter             Frazer McLaren           Jamie Tardif             28     1   2  2  
 3 Wade Megan               Pierre-Cedric Labrie     Matt Halischuk           28     1   2  2  
 4 Zach Hamill              Marcel Noebels           Matt Halischuk           16     1   2  2  

5 vs 5 Defense 
   Defense                  Defense                                           Time % Phy DF OF 
 1 Fredrik Claesson         Jyrki Jokipakka                                   35     1   2  2  
 2 Patrick Mullen           Alexey Marchenko                                  30     1   2  2  
 3 Nikita Nesterov          Cameron Schilling                                 22     1   2  2  
 4 Oliver Lauridsen         Fredrik Claesson                                  13     1   2  2  

PowerPlay Forward 
   Center                   Left Wing                Right Wing               Time % Phy DF OF 
 1 Adam Cracknell           Matt Halischuk           Corey Tropp              60     1   2  2  
 2 Brody Sutter             Frazer McLaren           Jamie Tardif             40     1   2  2  

PowerPlay Defense
   Defense                  Defense                                           Time % Phy DF OF 
 1 Fredrik Claesson         Jyrki Jokipakka                                   60     1   2  2  
 2 Patrick Mullen           Alexey Marchenko                                  40     1   2  2  

Penalty Kill 4 Players Forward 
   Center                   Wing                     Time % Phy DF OF 
 1 Matt Halischuk           Pierre-Cedric Labrie     60     1   2  2  
 2 Adam Cracknell           Brody Sutter             40     1   2  2  

Penalty Kill 4 Players Defense
   Defense                  Defense                  Time % Phy DF OF 
 1 Fredrik Claesson         Jyrki Jokipakka          60     1   2  2  
 2 Patrick Mullen           Alexey Marchenko         40     1   2  2  

Penalty Kill - 3 Players Forward 
   Forward                                           Time % Phy DF OF 
 1 Matt Halischuk                                    60     1   2  2  
 2 Adam Cracknell                                    40     1   2  2  

Penalty Kill - 3 Players Defense
   Defense                  Defense                  Time % Phy DF OF 
 1 Fredrik Claesson         Jyrki Jokipakka          60     1   2  2  
 2 Patrick Mullen           Alexey Marchenko         40     1   2  2  

4 vs 4 Forward 
   Center                   Wing                     Time % Phy DF OF 
 1 Matt Halischuk           Frazer McLaren           60     1   2  2  
 2 Adam Cracknell           Brody Sutter             40     1   2  2  

4 vs 4 Defense
   Defense                  Defense                  Time % Phy DF OF 
 1 Fredrik Claesson         Jyrki Jokipakka          60     1   2  2  
 2 Patrick Mullen           Alexey Marchenko         40     1   2  2  

Last Minutes Offensive
   Center                   Left Wing                Right Wing               Defense                  Defense                  
   Adam Cracknell           Matt Halischuk           Corey Tropp              Fredrik Claesson         Jyrki Jokipakka          

Last Minutes Defensive
   Center                   Left Wing                Right Wing               Defense                  Defense                  
   Adam Cracknell           Matt Halischuk           Corey Tropp              Fredrik Claesson         Jyrki Jokipakka          

Goaltenders
Starting : Johan Gustafsson         
Backup : Olivier Roy              

Extra Forwards
Normal : Pierre-Cedric Labrie, Wade Megan, Marcel Noebels - PP : Pierre-Cedric Labrie, Wade Megan - PK : Marcel Noebels
Extra Defensemen
Normal : Nikita Nesterov, Cameron Schilling, Oliver Lauridsen - PP : Nikita Nesterov - PK : Cameron Schilling, Oliver Lauridsen
Penalty Shots
Matt Halischuk, Wade Megan, Adam Cracknell, Brody Sutter, Frazer McLaren

Devils

5 vs 5 Forward 
   Center                   Left Wing                Right Wing               Time % Phy DF OF 
 1 Pascal Pelletier         Jordan Martinook         Ryan Jones               35     1   2  2  
 2 Brendan Shinnimin        Darroll Powe             Zach O'Brien             30     1   2  2  
 3 Ryan Jones               Sean Collins             Rod Pelley               22     1   2  2  
 4 Darroll Powe             Darren Archibald         Rod Pelley               13     1   2  2  

5 vs 5 Defense 
   Defense                  Defense                                           Time % Phy DF OF 
 1 Colin Miller             Theo Peckham                                      35     1   2  2  
 2 Chris Wideman            Scooter Vaughan                                   30     1   2  2  
 3 Gabriel Beaupre          Drew MacKenzie                                    22     1   2  2  
 4 Colin Miller             Theo Peckham                                      13     1   2  2  

PowerPlay Forward 
   Center                   Left Wing                Right Wing               Time % Phy DF OF 
 1 Darroll Powe             Ryan Jones               Rod Pelley               60     1   2  2  
 2 Brendan Shinnimin        Pascal Pelletier         Zach O'Brien             40     1   2  2  

PowerPlay Defense
   Defense                  Defense                                           Time % Phy DF OF 
 1 Colin Miller             Theo Peckham                                      60     1   2  2  
 2 Chris Wideman            Scooter Vaughan                                   40     1   2  2  

Penalty Kill 4 Players Forward 
   Center                   Wing                     Time % Phy DF OF 
 1 Darroll Powe             Ryan Jones               60     1   2  2  
 2 Rod Pelley               Brendan Shinnimin        40     1   2  2  

Penalty Kill 4 Players Defense
   Defense                  Defense                  Time % Phy DF OF 
 1 Colin Miller             Theo Peckham             60     1   2  2  
 2 Chris Wideman            Scooter Vaughan          40     1   2  2  

Penalty Kill - 3 Players Forward 
   Forward                                           Time % Phy DF OF 
 1 Darroll Powe                                      60     1   2  2  
 2 Ryan Jones                                        40     1   2  2  

Penalty Kill - 3 Players Defense
   Defense                  Defense                  Time % Phy DF OF 
 1 Colin Miller             Theo Peckham             60     1   2  2  
 2 Chris Wideman            Scooter Vaughan          40     1   2  2  

4 vs 4 Forward 
   Center                   Wing                     Time % Phy DF OF 
 1 Darroll Powe             Ryan Jones               60     1   2  2  
 2 Rod Pelley               Brendan Shinnimin        40     1   2  2  

4 vs 4 Defense
   Defense                  Defense                  Time % Phy DF OF 
 1 Colin Miller             Theo Peckham             60     1   2  2  
 2 Chris Wideman            Scooter Vaughan          40     1   2  2  

Last Minutes Offensive
   Center                   Left Wing                Right Wing               Defense                  Defense                  
   Darroll Powe             Ryan Jones               Rod Pelley               Colin Miller             Theo Peckham             

Last Minutes Defensive
   Center                   Left Wing                Right Wing               Defense                  Defense                  
   Darroll Powe             Ryan Jones               Rod Pelley               Colin Miller             Theo Peckham             

Goaltenders
Starting : Robert Mayer             
Backup : Jason Missiaen           

Extra Forwards
Normal : Sean Collins, Jordan Martinook, Ryan Jones - PP : Sean Collins, Jordan Martinook - PK : Darroll Powe
Extra Defensemen
Normal : Gabriel Beaupre, Drew MacKenzie, Chris Wideman - PP : Gabriel Beaupre - PK : Drew MacKenzie, Chris Wideman
Penalty Shots
Darroll Powe, Ryan Jones, Rod Pelley, Brendan Shinnimin, Pascal Pelletier

% Time on Ice - Admirals NSH

Lines # - Real PCT - Wanted PCT - Time Play
Normal Forward
1 - 28% - 28% - 15:02
2 - 34% - 28% - 18:19
3 - 20% - 28% - 10:24
4 - 18% - 16% - 9:32
Normal Defense
1 - 31% - 35% - 16:40
2 - 33% - 30% - 17:48
3 - 27% - 22% - 14:28
4 - 8% - 13% - 4:21
PP Forward
1 - 45% - 60% - 1:46
2 - 55% - 40% - 2:12
PP Defense
1 - 69% - 60% - 2:44
2 - 31% - 40% - 1:14
PK Forward
1 - 100% - 60% - 2:45
2 - 0% - 40% - 0:00
PK Defense
1 - 83% - 60% - 2:17
2 - 17% - 40% - 0:28
PK3 Forward
1 - 0% - 60%
2 - 0% - 40%
PK3 Defense
1 - 0% - 60%
2 - 0% - 40%
44 Forward
1 - 0% - 60%
2 - 0% - 40%
44 Defense
1 - 0% - 60%
2 - 0% - 40%
Last Minute Offensive  - 0:00
Last Minute Defensive  - 0:00
Total
Forward - 60:00
Defense - 60:00

% Time on Ice - Devils

Lines # - Real PCT - Wanted PCT - Time Play
Normal Forward
1 - 31% - 35% - 16:31
2 - 34% - 30% - 18:02
3 - 18% - 22% - 9:26
4 - 17% - 13% - 9:18
Normal Defense
1 - 31% - 35% - 16:26
2 - 34% - 30% - 18:13
3 - 25% - 22% - 13:32
4 - 10% - 13% - 5:06
PP Forward
1 - 62% - 60% - 1:42
2 - 38% - 40% - 1:03
PP Defense
1 - 100% - 60% - 2:45
2 - 0% - 40% - 0:00
PK Forward
1 - 100% - 60% - 3:58
2 - 0% - 40% - 0:00
PK Defense
1 - 82% - 60% - 3:14
2 - 18% - 40% - 0:44
PK3 Forward
1 - 0% - 60%
2 - 0% - 40%
PK3 Defense
1 - 0% - 60%
2 - 0% - 40%
44 Forward
1 - 0% - 60%
2 - 0% - 40%
44 Defense
1 - 0% - 60%
2 - 0% - 40%
Last Minute Offensive  - 0:00
Last Minute Defensive  - 0:00
Total
Forward - 60:00
Defense - 60:00

Play by Play

1st period


0:01 of 1st period - Pascal Pelletier wins face-off versus Adam Cracknell in neutral zone.
1:15 of 1st period - Jyrki Jokipakka is hit by Darroll Powe.
1:33 of 1st period - Snap shot by Ryan Jones.
1:33 of 1st period - Stopped by Johan Gustafsson with a rebound.
1:52 of 1st period - Sean Collins is hit by Jyrki Jokipakka and loses puck.
3:39 of 1st period - Icing by Brendan Shinnimin.
3:40 of 1st period - Darroll Powe wins face-off versus Brody Sutter in Devils zone.
4:12 of 1st period - Icing by Alexey Marchenko.
4:13 of 1st period - Brody Sutter wins face-off versus Darroll Powe in Admirals NSH zone.
5:30 of 1st period - Rod Pelley is hit by Pierre-Cedric Labrie and loses puck.
6:21 of 1st period - Slapshot by Rod Pelley.
6:21 of 1st period - Deflect By Darren Archibald.
6:21 of 1st period - Shot Blocked by Alexey Marchenko.
6:21 of 1st period - Puck is out of play.
6:22 of 1st period - Adam Cracknell wins face-off versus Jordan Martinook in Admirals NSH zone.
6:26 of 1st period - Off-side.
6:27 of 1st period - Adam Cracknell wins face-off versus Jordan Martinook in neutral zone.
6:30 of 1st period - Rod Pelley is hit by Matt Halischuk.
7:04 of 1st period - Wrist shot by Zach Hamill.
7:04 of 1st period - Deflect By Wade Megan.
7:04 of 1st period - Stopped by Robert Mayer without a rebound.
7:05 of 1st period - Brody Sutter wins face-off versus Brendan Shinnimin in Devils zone.
7:14 of 1st period - Slapshot by Brendan Shinnimin.
7:14 of 1st period - Stopped by Johan Gustafsson with a rebound.
7:16 of 1st period - Snap shot by Brendan Shinnimin.
7:16 of 1st period - Stopped by Johan Gustafsson with a rebound.
8:41 of 1st period - Theo Peckham and Wade Megan fight to a draw.
8:41 of 1st period - Penalty to Theo Peckham for Fighting.
8:41 of 1st period - Penalty to Wade Megan for Fighting.
8:42 of 1st period - Brody Sutter wins face-off versus Brendan Shinnimin in Admirals NSH zone.
8:55 of 1st period - Wrist shot by Jamie Tardif.
8:55 of 1st period - Deflect By Darroll Powe.
8:55 of 1st period - Stopped by Robert Mayer with a rebound.
8:57 of 1st period - Snap shot by Frazer McLaren.
8:57 of 1st period - Shot Blocked by Colin Miller.
9:59 of 1st period - Off-side.
10:00 of 1st period - Adam Cracknell wins face-off versus Darroll Powe in neutral zone.
10:35 of 1st period - Slapshot by Jamie Tardif.
10:35 of 1st period - Deflect By Ryan Jones.
10:35 of 1st period - Shot Misses the Net.
10:35 of 1st period - Puck is out of play.
10:36 of 1st period - Marcel Noebels wins face-off versus Pascal Pelletier in Devils zone.
10:37 of 1st period - Snap shot by Pierre-Cedric Labrie.
10:37 of 1st period - Shot Misses the Net.
11:12 of 1st period - Wrist shot by Brody Sutter.
11:12 of 1st period - Shot Misses the Net.
11:42 of 1st period - Wrist shot by Ryan Jones.
11:42 of 1st period - Stopped by Johan Gustafsson without a rebound.
11:43 of 1st period - Pascal Pelletier wins face-off versus Adam Cracknell in Admirals NSH zone.
12:16 of 1st period - Brody Sutter is hit by Darroll Powe and loses puck.
13:24 of 1st period - Fredrik Claesson is hit by Pascal Pelletier.
13:47 of 1st period - Fredrik Claesson is hit by Ryan Jones and loses puck.
15:42 of 1st period - Slapshot by Rod Pelley.
15:42 of 1st period - Shot Misses the Net.
16:49 of 1st period - Frazer McLaren is hit by Pascal Pelletier and loses puck.
19:03 of 1st period - Minor Penalty to Frazer McLaren for Roughing.
19:04 of 1st period - Pascal Pelletier wins face-off versus Matt Halischuk in Admirals NSH zone.
19:12 of 1st period - Snap shot by Darren Archibald.
19:12 of 1st period - Shot Misses the Net.
19:14 of 1st period - Snap shot by Pascal Pelletier.
19:14 of 1st period - Shot Misses the Net.
Goals for this period are 0 for Admirals NSH vs 0 for Devils.
Shots for this period are 2 for Admirals NSH vs 4 for Devils.

2nd period


0:01 of 2nd period - Darroll Powe wins face-off versus Matt Halischuk in neutral zone.
0:18 of 2nd period - Snap shot by Ryan Jones.
0:18 of 2nd period - Stopped by Johan Gustafsson with a rebound.
1:03 of 2nd period - Penalty to Frazer McLaren is over, Frazer McLaren is back on ice.
1:05 of 2nd period - Pierre-Cedric Labrie is hit by Brendan Shinnimin and loses puck.
1:14 of 2nd period - Snap shot by Brendan Shinnimin.
1:14 of 2nd period - Shot Misses the Net.
1:48 of 2nd period - Patrick Mullen is hit by Ryan Jones and loses puck.
2:14 of 2nd period - Cameron Schilling is hit by Brendan Shinnimin and loses puck.
2:25 of 2nd period - Snap shot by Nikita Nesterov.
2:25 of 2nd period - Stopped by Robert Mayer without a rebound.
2:26 of 2nd period - Zach Hamill wins face-off versus Jordan Martinook in Devils zone.
2:35 of 2nd period - Snap shot by Jordan Martinook.
2:35 of 2nd period - Stopped by Johan Gustafsson with a rebound.
2:37 of 2nd period - Snap shot by Colin Miller.
2:37 of 2nd period - Shot Misses the Net.
2:39 of 2nd period - Wrist shot by Jordan Martinook.
2:39 of 2nd period - Deflect By Pascal Pelletier.
2:39 of 2nd period - Stopped by Johan Gustafsson with a rebound.
2:45 of 2nd period - Wrist shot by Pascal Pelletier.
2:45 of 2nd period - Shot Misses the Net.
3:31 of 2nd period - Wrist shot by Pascal Pelletier.
3:31 of 2nd period - Stopped by Johan Gustafsson without a rebound.
3:32 of 2nd period - Pascal Pelletier wins face-off versus Brody Sutter in Admirals NSH zone.
4:09 of 2nd period - Wrist shot by Ryan Jones.
4:09 of 2nd period - Shot Blocked by Fredrik Claesson.
4:13 of 2nd period - Wrist shot by Ryan Jones.
4:13 of 2nd period - Shot Misses the Net.
4:15 of 2nd period - Slapshot by Scooter Vaughan.
4:15 of 2nd period - Shot Blocked by Fredrik Claesson.
4:17 of 2nd period - Wrist shot by Rod Pelley.
4:17 of 2nd period - Shot Misses the Net.
4:19 of 2nd period - Snap shot by Sean Collins.
4:19 of 2nd period - Stopped by Johan Gustafsson without a rebound.
4:20 of 2nd period - Adam Cracknell wins face-off versus Ryan Jones in Admirals NSH zone.
4:28 of 2nd period - Icing by Patrick Mullen.
4:29 of 2nd period - Brendan Shinnimin wins face-off versus Adam Cracknell in Admirals NSH zone.
5:25 of 2nd period - Wrist shot by Wade Megan.
5:25 of 2nd period - Shot Blocked by Jordan Martinook.
5:27 of 2nd period - Slapshot by Jyrki Jokipakka.
5:27 of 2nd period - Stopped by Robert Mayer without a rebound.
5:28 of 2nd period - Wade Megan wins face-off versus Darroll Powe in Devils zone.
5:31 of 2nd period - Backhand shot by Pierre-Cedric Labrie.
5:31 of 2nd period - Deflect By Matt Halischuk.
5:31 of 2nd period - Shot Misses the Net.
5:31 of 2nd period - Puck is out of play.
5:32 of 2nd period - Darroll Powe wins face-off versus Brody Sutter in Devils zone.
5:41 of 2nd period - Wrist shot by Darren Archibald.
5:41 of 2nd period - Goal by Darren Archibald - Admirals NSH : 0 - Devils : 1.
5:42 of 2nd period - Wade Megan wins face-off versus Brendan Shinnimin in neutral zone.
5:47 of 2nd period - Slapshot by Matt Halischuk.
5:47 of 2nd period - Deflect By Pierre-Cedric Labrie.
5:47 of 2nd period - Shot Blocked by Darroll Powe.
5:47 of 2nd period - Puck is out of play.
5:48 of 2nd period - Wade Megan wins face-off versus Brendan Shinnimin in Devils zone.
6:07 of 2nd period - Wrist shot by Pierre-Cedric Labrie.
6:07 of 2nd period - Shot Blocked by Brendan Shinnimin.
6:31 of 2nd period - Snap shot by Pascal Pelletier.
6:31 of 2nd period - Stopped by Johan Gustafsson with a rebound.
6:39 of 2nd period - Slapshot by Jordan Martinook.
6:39 of 2nd period - Shot Blocked by Jamie Tardif.
7:33 of 2nd period - Snap shot by Pierre-Cedric Labrie.
7:33 of 2nd period - Shot Misses the Net.
7:35 of 2nd period - Snap shot by Alexey Marchenko.
7:35 of 2nd period - Shot Misses the Net.
7:37 of 2nd period - Snap shot by Patrick Mullen.
7:37 of 2nd period - Deflect By Pierre-Cedric Labrie.
7:37 of 2nd period - Stopped by Robert Mayer without a rebound.
7:38 of 2nd period - Brody Sutter wins face-off versus Darroll Powe in Devils zone.
7:44 of 2nd period - Backhand shot by Jamie Tardif.
7:44 of 2nd period - Shot Blocked by Brendan Shinnimin.
7:46 of 2nd period - Slapshot by Cameron Schilling.
7:46 of 2nd period - Deflect By Jamie Tardif.
7:46 of 2nd period - Shot Misses the Net.
7:46 of 2nd period - Puck is out of play.
7:47 of 2nd period - Brody Sutter wins face-off versus Darroll Powe in Devils zone.
8:48 of 2nd period - Snap shot by Darren Archibald.
8:48 of 2nd period - Shot Blocked by Jyrki Jokipakka.
9:00 of 2nd period - Snap shot by Corey Tropp.
9:00 of 2nd period - Goal by Corey Tropp - Admirals NSH : 1 - Devils : 1.
9:01 of 2nd period - Brody Sutter wins face-off versus Pascal Pelletier in neutral zone.
9:05 of 2nd period - Minor Penalty to Jordan Martinook for Hooking.
9:06 of 2nd period - Darroll Powe wins face-off versus Brody Sutter in Devils zone.
9:22 of 2nd period - Wrist shot by Frazer McLaren.
9:22 of 2nd period - Stopped by Robert Mayer without a rebound.
9:23 of 2nd period - Brody Sutter wins face-off versus Darroll Powe in Devils zone.
10:43 of 2nd period - Brody Sutter is hit by Darren Archibald.
10:54 of 2nd period - Off-side.
10:55 of 2nd period - Pascal Pelletier wins face-off versus Adam Cracknell in neutral zone.
11:04 of 2nd period - Darroll Powe is hit by Matt Halischuk and loses puck.
11:05 of 2nd period - Penalty to Jordan Martinook is over, Jordan Martinook is back on ice.
11:48 of 2nd period - Cameron Schilling is hit by Chris Wideman and loses puck.
12:05 of 2nd period - Icing by Gabriel Beaupre.
12:06 of 2nd period - Brody Sutter wins face-off versus Brendan Shinnimin in Devils zone.
12:09 of 2nd period - Snap shot by Jamie Tardif.
12:09 of 2nd period - Shot Blocked by Brendan Shinnimin.
12:11 of 2nd period - Slapshot by Alexey Marchenko.
12:11 of 2nd period - Deflect By Zach O'Brien.
12:11 of 2nd period - Stopped by Robert Mayer with a rebound.
13:18 of 2nd period - Slapshot by Darren Archibald.
13:18 of 2nd period - Stopped by Johan Gustafsson without a rebound.
13:19 of 2nd period - Brody Sutter wins face-off versus Darroll Powe in Admirals NSH zone.
13:19 of 2nd period - Brody Sutter is hit by Darroll Powe.
14:38 of 2nd period - Slapshot by Darroll Powe.
14:38 of 2nd period - Shot Misses the Net.
14:40 of 2nd period - Snap shot by Brendan Shinnimin.
14:40 of 2nd period - Shot Blocked by Nikita Nesterov.
14:42 of 2nd period - Slapshot by Drew MacKenzie.
14:42 of 2nd period - Stopped by Johan Gustafsson without a rebound.
14:43 of 2nd period - Brody Sutter wins face-off versus Zach O'Brien in Admirals NSH zone.
14:59 of 2nd period - Backhand shot by Jamie Tardif.
14:59 of 2nd period - Stopped by Robert Mayer with a rebound.
15:01 of 2nd period - Snap shot by Patrick Mullen.
15:01 of 2nd period - Shot Blocked by Chris Wideman.
16:29 of 2nd period - Oliver Lauridsen is hit by Rod Pelley and loses puck.
17:08 of 2nd period - Wrist shot by Rod Pelley.
17:08 of 2nd period - Stopped by Johan Gustafsson with a rebound.
17:10 of 2nd period - Backhand shot by Drew MacKenzie.
17:10 of 2nd period - Deflect By Rod Pelley.
17:10 of 2nd period - Shot Misses the Net.
17:10 of 2nd period - Puck is out of play.
17:11 of 2nd period - Pascal Pelletier wins face-off versus Zach Hamill in Admirals NSH zone.
17:36 of 2nd period - Matt Halischuk is hit by Rod Pelley and loses puck.
18:43 of 2nd period - Colin Miller is hit by Wade Megan and loses puck.
19:25 of 2nd period - Wrist shot by Darren Archibald.
19:25 of 2nd period - Stopped by Johan Gustafsson with a rebound.
Goals for this period are 1 for Admirals NSH vs 1 for Devils.
Shots for this period are 7 for Admirals NSH vs 11 for Devils.

3rd period


0:01 of 3rd period - Pascal Pelletier wins face-off versus Pierre-Cedric Labrie in neutral zone.
0:24 of 3rd period - Snap shot by Ryan Jones.
0:24 of 3rd period - Stopped by Johan Gustafsson with a rebound.
0:26 of 3rd period - Snap shot by Jordan Martinook.
0:26 of 3rd period - Shot Misses the Net.
0:28 of 3rd period - Slapshot by Jordan Martinook.
0:28 of 3rd period - Shot Blocked by Pierre-Cedric Labrie.
0:30 of 3rd period - Backhand shot by Colin Miller.
0:30 of 3rd period - Shot Misses the Net.
1:02 of 3rd period - Snap shot by Jamie Tardif.
1:02 of 3rd period - Stopped by Robert Mayer with a rebound.
1:42 of 3rd period - Snap shot by Corey Tropp.
1:42 of 3rd period - Shot Misses the Net.
1:48 of 3rd period - Corey Tropp is hit by Gabriel Beaupre and loses puck.
2:37 of 3rd period - Slapshot by Pascal Pelletier.
2:37 of 3rd period - Shot Blocked by Nikita Nesterov.
2:46 of 3rd period - Theo Peckham and Frazer McLaren fight to a draw.
2:46 of 3rd period - Penalty to Theo Peckham for Fighting.
2:46 of 3rd period - Penalty to Frazer McLaren for Fighting.
2:46 of 3rd period - Penalty to Frazer McLaren for instigated a fight.
2:46 of 3rd period - Penalty to Frazer McLaren for instigated a fight.
2:47 of 3rd period - Pascal Pelletier wins face-off versus Matt Halischuk in neutral zone.
3:14 of 3rd period - Slapshot by Pascal Pelletier.
3:14 of 3rd period - Shot Misses the Net.
3:16 of 3rd period - Wrist shot by Brendan Shinnimin.
3:16 of 3rd period - Deflect By Pascal Pelletier.
3:16 of 3rd period - Shot Misses the Net.
3:16 of 3rd period - Puck is out of play.
3:17 of 3rd period - Marcel Noebels wins face-off versus Darroll Powe in Admirals NSH zone.
3:28 of 3rd period - Slapshot by Darroll Powe.
3:28 of 3rd period - Shot Misses the Net.
3:30 of 3rd period - Wrist shot by Rod Pelley.
3:30 of 3rd period - Shot Misses the Net.
3:32 of 3rd period - Snap shot by Gabriel Beaupre.
3:32 of 3rd period - Deflect By Darroll Powe.
3:32 of 3rd period - Goal by Darroll Powe - Admirals NSH : 1 - Devils : 2.
3:33 of 3rd period - Brody Sutter wins face-off versus Brendan Shinnimin in neutral zone.
3:39 of 3rd period - Pierre-Cedric Labrie beats up Darroll Powe.
3:39 of 3rd period - Penalty to Darroll Powe for Fighting.
3:39 of 3rd period - Penalty to Pierre-Cedric Labrie for Fighting.
3:40 of 3rd period - Pascal Pelletier wins face-off versus Brody Sutter in Devils zone.
4:27 of 3rd period - Adam Cracknell is hit by Ryan Jones.
4:33 of 3rd period - Pascal Pelletier is hit by Corey Tropp and loses puck.
4:46 of 3rd period - Wrist shot by Corey Tropp.
4:46 of 3rd period - Shot Misses the Net.
4:48 of 3rd period - Slapshot by Matt Halischuk.
4:48 of 3rd period - Stopped by Robert Mayer with a rebound.
4:50 of 3rd period - Slapshot by Alexey Marchenko.
4:50 of 3rd period - Shot Misses the Net.
5:00 of 3rd period - Wrist shot by Matt Halischuk.
5:00 of 3rd period - Stopped by Robert Mayer without a rebound.
5:01 of 3rd period - Brendan Shinnimin wins face-off versus Zach Hamill in Devils zone.
5:01 of 3rd period - Brendan Shinnimin is hit by Zach Hamill.
5:09 of 3rd period - Slapshot by Brendan Shinnimin.
5:09 of 3rd period - Shot Blocked by Nikita Nesterov.
5:09 of 3rd period - Nikita Nesterov from Admirals NSH is injured at 5:09 of 3rd period (Torn Left Knee Ligaments).
5:10 of 3rd period - Pascal Pelletier wins face-off versus Wade Megan in Admirals NSH zone.
5:11 of 3rd period - Wrist shot by Ryan Jones.
5:11 of 3rd period - Deflect By Jordan Martinook.
5:11 of 3rd period - Shot Blocked by Fredrik Claesson.
5:11 of 3rd period - Puck is out of play.
5:12 of 3rd period - Wade Megan wins face-off versus Ryan Jones in Admirals NSH zone.
5:33 of 3rd period - Slapshot by Wade Megan.
5:33 of 3rd period - Stopped by Robert Mayer with a rebound.
6:12 of 3rd period - Snap shot by Brendan Shinnimin.
6:12 of 3rd period - Shot Misses the Net.
6:14 of 3rd period - Snap shot by Sean Collins.
6:14 of 3rd period - Shot Misses the Net.
6:16 of 3rd period - Snap shot by Sean Collins.
6:16 of 3rd period - Shot Misses the Net.
6:18 of 3rd period - Wrist shot by Zach O'Brien.
6:18 of 3rd period - Stopped by Johan Gustafsson without a rebound.
6:19 of 3rd period - Brendan Shinnimin wins face-off versus Brody Sutter in Admirals NSH zone.
7:14 of 3rd period - Slapshot by Adam Cracknell.
7:14 of 3rd period - Shot Blocked by Chris Wideman.
7:16 of 3rd period - Wrist shot by Matt Halischuk.
7:16 of 3rd period - Shot Misses the Net.
7:54 of 3rd period - Slapshot by Marcel Noebels.
7:54 of 3rd period - Stopped by Robert Mayer with a rebound.
7:56 of 3rd period - Wrist shot by Oliver Lauridsen.
7:56 of 3rd period - Shot Blocked by Colin Miller.
7:58 of 3rd period - Slapshot by Marcel Noebels.
7:58 of 3rd period - Shot Misses the Net.
8:00 of 3rd period - Backhand shot by Zach Hamill.
8:00 of 3rd period - Shot Blocked by Gabriel Beaupre.
8:02 of 3rd period - Slapshot by Jyrki Jokipakka.
8:02 of 3rd period - Shot Blocked by Colin Miller.
8:04 of 3rd period - Wrist shot by Marcel Noebels.
8:04 of 3rd period - Stopped by Robert Mayer with a rebound.
8:54 of 3rd period - Snap shot by Pascal Pelletier.
8:54 of 3rd period - Shot Misses the Net.
9:10 of 3rd period - Wrist shot by Darroll Powe.
9:10 of 3rd period - Stopped by Johan Gustafsson with a rebound.
9:12 of 3rd period - Snap shot by Darren Archibald.
9:12 of 3rd period - Goal by Darren Archibald - Admirals NSH : 1 - Devils : 3.
9:13 of 3rd period - Brody Sutter wins face-off versus Pascal Pelletier in neutral zone.
9:16 of 3rd period - Snap shot by Pierre-Cedric Labrie.
9:16 of 3rd period - Stopped by Robert Mayer with a rebound.
9:30 of 3rd period - Snap shot by Jamie Tardif.
9:30 of 3rd period - Deflect By Pierre-Cedric Labrie.
9:30 of 3rd period - Shot Blocked by Gabriel Beaupre.
9:30 of 3rd period - Puck is out of play.
9:31 of 3rd period - Brody Sutter wins face-off versus Pascal Pelletier in Devils zone.
9:39 of 3rd period - Minor Penalty to Pascal Pelletier for Hooking.
9:40 of 3rd period - Darroll Powe wins face-off versus Adam Cracknell in Devils zone.
9:56 of 3rd period - Snap shot by Adam Cracknell.
9:56 of 3rd period - Stopped by Robert Mayer without a rebound.
9:57 of 3rd period - Adam Cracknell wins face-off versus Darroll Powe in Devils zone.
10:13 of 3rd period - Off-side.
10:14 of 3rd period - Darroll Powe wins face-off versus Brody Sutter in neutral zone.
10:59 of 3rd period - Ryan Jones is hit by Corey Tropp and loses puck.
11:04 of 3rd period - Wrist shot by Corey Tropp.
11:04 of 3rd period - Stopped by Robert Mayer without a rebound.
11:05 of 3rd period - Adam Cracknell wins face-off versus Darroll Powe in Devils zone.
11:06 of 3rd period - Wrist shot by Corey Tropp.
11:06 of 3rd period - Stopped by Robert Mayer with a rebound.
11:39 of 3rd period - Penalty to Pascal Pelletier is over, Pascal Pelletier is back on ice.
11:46 of 3rd period - Snap shot by Corey Tropp.
11:46 of 3rd period - Shot Blocked by Chris Wideman.
11:48 of 3rd period - Snap shot by Adam Cracknell.
11:48 of 3rd period - Shot Blocked by Ryan Jones.
11:50 of 3rd period - Slapshot by Patrick Mullen.
11:50 of 3rd period - Deflect By Corey Tropp.
11:50 of 3rd period - Shot Blocked by Chris Wideman.
11:50 of 3rd period - Puck is out of play.
11:51 of 3rd period - Adam Cracknell wins face-off versus Jordan Martinook in Devils zone.
11:54 of 3rd period - Snap shot by Corey Tropp.
11:54 of 3rd period - Shot Misses the Net.
12:36 of 3rd period - Wrist shot by Matt Halischuk.
12:36 of 3rd period - Shot Misses the Net.
13:39 of 3rd period - Wade Megan is hit by Darren Archibald and loses puck.
14:38 of 3rd period - Icing by Pascal Pelletier.
14:39 of 3rd period - Pascal Pelletier wins face-off versus Zach Hamill in Devils zone.
14:39 of 3rd period - Pascal Pelletier is hit by Adam Cracknell.
14:59 of 3rd period - Slapshot by Adam Cracknell.
14:59 of 3rd period - Stopped by Robert Mayer without a rebound.
15:00 of 3rd period - Ryan Jones wins face-off versus Adam Cracknell in Devils zone.
15:09 of 3rd period - Ryan Jones is hit by Adam Cracknell and loses puck.
15:16 of 3rd period - Snap shot by Adam Cracknell.
15:16 of 3rd period - Stopped by Robert Mayer without a rebound.
15:17 of 3rd period - Ryan Jones wins face-off versus Adam Cracknell in Devils zone.
15:17 of 3rd period - Ryan Jones is hit by Matt Halischuk.
15:44 of 3rd period - Slapshot by Brendan Shinnimin.
15:44 of 3rd period - Shot Misses the Net.
15:54 of 3rd period - Darroll Powe is hit by Fredrik Claesson and loses puck.
16:09 of 3rd period - Adam Cracknell is hit by Rod Pelley and loses puck.
16:32 of 3rd period - Wrist shot by Jordan Martinook.
16:32 of 3rd period - Shot Blocked by Alexey Marchenko.
16:34 of 3rd period - Wrist shot by Jordan Martinook.
16:34 of 3rd period - Stopped by Johan Gustafsson with a rebound.
16:36 of 3rd period - Snap shot by Pascal Pelletier.
16:36 of 3rd period - Shot Blocked by Brody Sutter.
16:38 of 3rd period - Slapshot by Drew MacKenzie.
16:38 of 3rd period - Stopped by Johan Gustafsson without a rebound.
16:39 of 3rd period - Zach Hamill wins face-off versus Brendan Shinnimin in Admirals NSH zone.
16:54 of 3rd period - Slapshot by Matt Halischuk.
16:54 of 3rd period - Stopped by Robert Mayer with a rebound.
17:20 of 3rd period - Pascal Pelletier is hit by Pierre-Cedric Labrie and loses puck.
17:36 of 3rd period - Jordan Martinook is hit by Brody Sutter.
17:46 of 3rd period - 10 Minutes Misconduct Penalty to Frazer McLaren is over.
18:11 of 3rd period - Snap shot by Darren Archibald.
18:11 of 3rd period - Deflect By Rod Pelley.
18:11 of 3rd period - Stopped by Johan Gustafsson with a rebound.
18:13 of 3rd period - Slapshot by Darren Archibald.
18:13 of 3rd period - Shot Blocked by Fredrik Claesson.
18:39 of 3rd period - Patrick Mullen is hit by Ryan Jones.
Goals for this period are 0 for Admirals NSH vs 2 for Devils.
Shots for this period are 13 for Admirals NSH vs 8 for Devils.


Output by the SimonT Hockey Simulator (STHS) for Eric Dolegowski -- Original Page W3C XHTML 1.0 Valid
Hockey Simulator - Hockey Simulation - Hockey Manager